 Dungeon Crawl Stone Soup version 0.29.1-4-g47bece8355 (webtiles) character file.

Game seed: 11711266126247704882

850 styxcanada the Covert (level 7, -4/35 HPs)
             Began as a Spriggan Brigand on Dec 9, 2022.
             Killed from afar by a white imp (7 damage)
             ... with a puff of frost
             ... on level 5 of the Dungeon.
             The game lasted 00:21:37 (6137 turns).

styxcanada the Covert (Spriggan Brigand)            Turns: 6137, Time: 00:21:38

Health: -4/35      AC:  5    Str:  7    XL:     7   Next: 69%
Magic:  9/9        EV: 19    Int: 13    God:
Gold:   193        SH:  0    Dex: 18    Spells: 5/7 levels left

rFire   . . .      SeeInvis +   a - +2 dagger
rCold   . . .      Faith    .   (no shield)
rNeg    + + .      Spirit   .   b - +1 robe {Will+}
rPois   .          Reflect  .   o - +0 hat "Zijueq" {rN+ Will+}
rElec   .          Harm     .   c - +1 cloak
rCorr   .          Rampage  .   (gloves unavailable)
Will    +++..                   (boots unavailable)
Stlth   ++++......              (no amulet)
HPRegen 0.11/turn               f - ring of positive energy
MPRegen 0.11/turn               (no ring)

@: very quick
A: very small, no large weapons, unfitting armour, see invisible, speed 3
a: no special abilities


You were on level 5 of the Dungeon.
You visited 1 branch of the dungeon, and saw 5 of its levels.

You collected 193 gold pieces.

Inventory:

Hand Weapons
 a - a +2 dagger (weapon)
 m - a +2 flail of draining
Missiles
 d - 12 poisoned darts
 e - 2 curare-tipped darts
 g - 43 stones (quivered)
 l - a throwing net
Armour
 b - a +1 robe of willpower (worn)
 c - a +1 cloak (worn)
 o - the +0 hat "Zijueq" (worn) {rN+ Will+}
   (You acquired it on level 4 of the Dungeon)

   rN:        It protects you from negative energy.
   Will:      It increases your willpower.
Jewellery
 f - a ring of positive energy (left hand)
Scrolls
 h - 2 scrolls of identify
Potions
 k - a potion of flight
 n - a potion of brilliance
 p - a potion of magic


   Skills:
 + Level 2.9 Fighting
 + Level 3.6 Short Blades
 + Level 4.7 Throwing
 * Level 4.8 Dodging
 * Level 9.6 Stealth
 * Level 0.7 Spellcasting
 * Level 0.4 Air Magic
 * Level 0.8 Poison Magic


You had 5 spell levels left.
You knew the following spells:

 Your Spells              Type           Power      Damage    Failure   Level
a - Poisonous Vapours     Pois/Air       4%         N/A       34%         2

Your spell library contained the following spells:

 Spells                   Type           Power      Damage    Failure   Level
 Corpse Rot               Necr/Pois/Air  1%         N/A       94%         4


Dungeon Overview and Level Annotations

Branches:
Dungeon (5/15)
 Temple: D:4-7

Altars:
Ashenzari
Hepliaklqana
Kikubaaqudgha
Okawaru
Uskayaw

Shops:
D:2 *


Innate Abilities, Weirdness & Mutations

You are very small and have problems with some larger weapons.
You are too small for most types of armour.
You have supernaturally acute eyesight. (SInv)
You cover ground extremely quickly. (Speed+++)


Message History

The phantom hits you.
There is a stone staircase leading up here.
A white imp comes into view.
Found a stone staircase leading down.
The white imp gestures at you. The puff of frost hits you!
You see here 9 gold pieces.
You now have 193 gold pieces (gained 9).
The white imp closely misses you.
You hit the white imp but do no damage. You barely miss the white imp.
The white imp closely misses you.
You hit the white imp.
The white imp is lightly wounded.
The white imp closely misses you. The phantom misses you.
You barely miss the white imp.
The white imp is lightly wounded.
The white imp closely misses you. The gnoll barely misses you.
The phantom closely misses you.
You closely miss the white imp.
The white imp is lightly wounded.
The gnoll closely misses you. The white imp hits you.
The white imp freezes you. The phantom closely misses you.
You barely miss the white imp.
The white imp is lightly wounded.
You hit the white imp but do no damage.
The white imp is lightly wounded.
The gnoll hits you from afar with a +0 halberd!
* * * LOW HITPOINT WARNING * * *
The phantom barely misses you. The white imp hits you.
* * * LOW HITPOINT WARNING * * *
The white imp freezes you.
* * * LOW HITPOINT WARNING * * *
Okay, then.
Blink to where?
Press: ? - help, Dir - move target
Found a scroll of amnesia.
As you read the scroll of blinking, it crumbles to dust.
The white imp gestures at you. The puff of frost hits you!
You die...

.. .. ?. #.#
...[.##.# ..g..##>#
.gg..##.############
..g.. #...W5....@..#
....# #.##########.#
.... #.# # ...####W#
...ggg..# ...######
.... ....# ....#


You could see a phantom and a white imp.

Vanquished Creatures
  Pikel (D:4)
  An orc priest (D:4)
  A gnoll bouda (D:4)
  4 orc wizards (D:4)
  13 gnolls
  2 adders (D:4)
  A worm (D:2)
  2 dart slugs (D:2)
  8 orcs
  8 endoplasms
  5 giant cockroaches
  6 hobgoblins
  5 quokkas
  4 ball pythons
  6 bats
  6 frilled lizards
  10 goblins
  2 kobolds (D:1)
  5 rats
90 creatures vanquished.

Vanquished Creatures (collateral kills)
  A ball python (D:3)
1 creature vanquished.

Grand Total: 91 creatures vanquished

Notes
Turn   | Place    | Note
-------+----------+-------------------------------------------
     0 | D:1      | styxcanada the Spriggan Brigand began the quest for the
                  | Orb.
     0 | D:1      | Reached XP level 1. HP: 10/10 MP: 2/2
    80 | D:1      | Reached skill level 6 in Stealth
   179 | D:1      | Reached XP level 2. HP: 15/15 MP: 3/3
   528 | D:1      | Found a faded altar of an unknown god.
   632 | D:1      | Reached skill level 7 in Stealth
   871 | D:2      | Found Zoepibb's General Store.
   921 | D:2      | Reached XP level 3. HP: 8/18 MP: 4/4
  1079 | D:2      | Found an ancient bone altar of Kikubaaqudgha.
  1240 | D:2      | Reached XP level 4. HP: 6/21 MP: 5/5
  2135 | D:2      | Reached skill level 8 in Stealth
  2332 | D:3      | Found a large runed translucent door.
  2332 | D:3      | Found a large runed translucent door.
  2334 | D:3      | Identified the +0 robe of Vehumet's Hope {-Tele rC- MP+9
                  | Str+9}
  2540 | D:3      | Found a hazy altar of Hepliaklqana.
  3348 | D:3      | Found a hide-covered altar of Uskayaw.
  3360 | D:3      | Found an iron altar of Okawaru.
  3402 | D:4      | Identified a scroll of acquirement
  3402 | D:4      | Acquired the +0 hat "Zijueq" {rN+ Will+}
  3553 | D:4      | Noticed a lemure
  3554 | D:4      | Noticed Pikel
  3554 | D:4      | Noticed a lemure
  3556 | D:4      | Noticed a lemure
  3557 | D:4      | Noticed a lemure
  4015 | D:4      | Reached XP level 5. HP: 22/26 MP: 6/6
  4175 | D:4      | Identified the +1 ring mail of Pideuner {Rampage Will-
                  | Dex+5}
  4770 | D:4      | Found a broken altar of Ashenzari.
  4934 | D:4      | Killed Pikel
  4935 | D:4      | Reached skill level 9 in Stealth
  4935 | D:4      | Reached XP level 6. HP: 7/32 MP: 7/7
  4935 | D:4      | Reached XP level 7. HP: 7/35 MP: 8/8
  5186 | D:4      | Learned a level 2 spell: Poisonous Vapours
  6112 | D:5      | Entered Level 5 of the Dungeon
  6137 | D:5      | Killed from afar by a white imp

Illustrated notes

Levels and vault maps discovered:
D:1:      dpeg_arrival_water_temple_mockup, layout_loops_ring,
          basic_ecumenical_altar
D:2:      layout_basic, serial_shops, shop, serial_forest,
          infiniplex_forest_end_3, infiniplex_forest_lined_corner,
          infiniplex_forest_clump_tiny, infiniplex_forest_clump_long,
          infiniplex_forest_clump_C, infiniplex_forest_clump_curved,
          infiniplex_forest_straight_3, infiniplex_forest_lined_room_3,
          infiniplex_forest_clump_diagonal, infiniplex_forest_straight_1,
          basic_altar, kennysheep_generic_room_16
D:3:      layout_loops_ring, mainiacjoe_overflow_paths, jmf_multi_god_temple2
D:4:      layout_loops_corners, nicolae_overflow_hidden_temple,
          minmay_a_box_with_orc_wizards_in_it, uniq_pikel
D:5:      layout_loops_ring, marbit_many_paths, mainiacjoe_overflow_chevrons,
          serial_shops, shop_statue, uniq_sigmund

Skill      XL: |  1  2  3  4  5 |
---------------+----------------+-----
Stealth        | 6 7 8 9 |  9.6
Dodging        | 2 4 |  4.8
Fighting       | 2 |  2.9
Short Blades   | 3 |  3.6
Throwing       | 4 |  4.7
Spellcasting   | |  0.7
Air Magic      | |  0.4
Poison Magic   | |  0.8

Action                   |  1- 3 |  4- 6 |  7- 9 || total
-------------------------+-------+-------+-------++-------
Melee: Dagger            |    85 |   166 |    71 ||   322
       Punch             |     2 |       |       ||     2
Throw: Dart              |    14 |    64 |    16 ||    94
       Stone             |       |       |     1 ||     1
  Use: Scroll            |     3 |    11 |     1 ||    15
       Potion            |       |     1 |       ||     1
 Stab: Sleeping          |    11 |    10 |       ||    21
Armor: Robe              |     8 |    21 |     6 ||    35
Dodge: Dodged            |    47 |   112 |    40 ||   199
